General information
- name: BNet
- type: Ladder team game (AT/RT)
- host: Battle.net
- saver: MyMouseIsBorked
map: GolemsInTheMist
- players: 8
- length: 48:35
- speed: Fast
- version: 1.28 W3XP
- replay type: Public
» download(416 KB)
Players
team 1 (loser)
1C3_ (
green | 32 APM | 1576 actions | 48:34)
6 Priestess of the Moon
3 Trueshot Aura
2 Searing Arrows
1 Starfall
» actions
| Assign group hotkey | 8 | |
| Basic commands | 90 | |
| Build / train | 66 | |
| Enter build submenu | 24 | |
| Enter hero's abilities submenu | 6 | |
| Give item / drop item | 1 | |
| Right click | 731 | |
| Select / deselect | 549 | |
| Select group hotkey | 12 | |
| Use ability | 89 | |
1576 total
» units
| Wisp | 22 | |
| Huntress | 10 | |
| Archer | 4 | |
| Dryad | 6 | |
| Goblin Sapper | 3 | |
| Glaive Thrower | 3 | |
48 total
» upgrades
| Abolish Magic | 1 | |
| Strength of the Wild | 1 | |
| Strength of the Moon | 1 | |
| Vorpal Blades | 1 | |
4 total
» buildings
| Altar of Elders | 1 | |
| Moon Well | 4 | |
| Ancient of War | 2 | |
| Hunter's Hall | 1 | |
| Ancient of Wonders | 1 | |
| Tree of Ages | 2 | |
| Tree of Life | 1 | |
| Ancient Protector | 10 | |
| Ancient of Lore | 2 | |
24 total
» build order
00:10 Altar of Elders
00:12 Moon Well
02:19 Ancient of War
02:22 Ancient of War
02:25 Hunter's Hall
02:29 Moon Well
03:02 Ancient of Wonders
04:03 Moon Well
05:03 Tree of Ages
07:31 Tree of Life
07:54 Ancient Protector
12:52 Ancient Protector
14:22 Tree of Ages
18:46 Ancient of Lore
18:51 Ancient of Lore
21:59 Moon Well
28:37 Ancient Protector
42:56 Ancient Protector
44:34 Ancient Protector
45:06 Ancient Protector
45:21 Ancient Protector
45:33 Ancient Protector
45:54 Ancient Protector
46:21 Ancient Protector
» items
| Rod of Necromancy | 1 | |
| Scroll of Town Portal | 3 | |
| Potion of Healing | 1 | |
5 total
Neutrino (
purple | 27 APM | 1311 actions | 48:34)
5 Shadow Hunter
1 Healing Wave
3 Serpent Ward
1 Hex
» actions
| Build / train | 85 | |
| Enter build submenu | 28 | |
| Enter hero's abilities submenu | 5 | |
| Remove unit from queue | 2 | |
| Right click | 696 | |
| Select / deselect | 436 | |
| Use ability | 59 | |
1311 total
» units
| Peon | 22 | |
| Grunt | 18 | |
| Demolisher | 15 | |
| Troll Witch Doctor | 4 | |
59 total
» upgrades
| Melee Weapons | 3 | |
| Armor | 3 | |
| Berserker Strength | 1 | |
| Witch Doctor Training | 2 | |
| Burning Oil | 1 | |
| Reinforced Defenses | 1 | |
| Troll Regeneration | 1 | |
| Pillage | 1 | |
13 total
» buildings
| Barracks | 1 | |
| Altar of Storms | 1 | |
| Voodoo Lounge | 1 | |
| Orc Burrow | 8 | |
| War Mill | 1 | |
| Stronghold | 1 | |
| Great Hall | 4 | |
| Fortress | 1 | |
| Spirit Lodge | 1 | |
| Watch Tower | 4 | |
23 total
» build order
00:07 Barracks
00:11 Altar of Storms
00:48 Voodoo Lounge
01:23 Orc Burrow
02:19 Orc Burrow
03:13 War Mill
03:35 Orc Burrow
04:40 Orc Burrow
07:37 Stronghold
07:48 Orc Burrow
10:05 Great Hall
10:11 Fortress
10:46 Spirit Lodge
16:16 Watch Tower
19:46 Orc Burrow
19:49 Watch Tower
20:47 Orc Burrow
20:58 Orc Burrow
22:47 Watch Tower
23:29 Watch Tower
41:55 Great Hall
42:12 Great Hall
42:16 Great Hall
» items
| Lesser Clarity Potion | 2 | |
| Healing Salve | 1 | |
3 total
rwhwqwqjr (
blue | 74 APM | 3603 actions | 48:28)
8 Blademaster
3 Wind Walk
3 Critical Strike
1 Bladestorm
1 Mirror Image
» actions
| Assign group hotkey | 33 | |
| Basic commands | 171 | |
| Build / train | 69 | |
| ESC pressed | 3 | |
| Enter build submenu | 26 | |
| Enter hero's abilities submenu | 8 | |
| Give item / drop item | 1 | |
| Right click | 1791 | |
| Select / deselect | 452 | |
| Select group hotkey | 939 | |
| Use ability | 110 | |
3603 total
» units
| Peon | 8 | |
| Wind Rider | 12 | |
| Raider | 8 | |
| Goblin Sapper | 3 | |
| Tauren | 2 | |
33 total
» upgrades
| Armor | 3 | |
| Ranged Weapons | 2 | |
| Reinforced Defenses | 1 | |
| Envenomed Spears | 1 | |
| Pillage | 1 | |
| Melee Weapons | 1 | |
| Ensnare | 1 | |
| Pulverize | 1 | |
11 total
» buildings
| Orc Burrow | 7 | |
| Altar of Storms | 1 | |
| War Mill | 1 | |
| Voodoo Lounge | 2 | |
| Watch Tower | 3 | |
| Stronghold | 1 | |
| Beastiary | 2 | |
| Fortress | 1 | |
| Barracks | 1 | |
| Nerubian Tower | 1 | |
| Great Hall | 2 | |
| Tauren Totem | 2 | |
| Spirit Lodge | 2 | |
26 total
» build order
00:10 Orc Burrow
00:20 Altar of Storms
00:28 Orc Burrow
00:31 Orc Burrow
01:02 War Mill
01:18 Voodoo Lounge
01:23 Voodoo Lounge
01:37 Orc Burrow
02:25 Watch Tower
02:41 Watch Tower
03:29 Stronghold
04:22 Watch Tower
06:10 Beastiary
06:12 Beastiary
10:12 Orc Burrow
10:13 Orc Burrow
10:16 Fortress
20:06 Barracks
22:41 Orc Burrow
29:55 Nerubian Tower
42:44 Great Hall
44:08 Great Hall
46:29 Tauren Totem
46:31 Tauren Totem
46:49 Spirit Lodge
46:54 Spirit Lodge
» items
| Healing Salve | 3 | |
| Lesser Clarity Potion | 4 | |
| Scroll of Speed | 1 | |
| Potion of Healing | 2 | |
| Orb of Lightning | 1 | |
| Scroll of Town Portal | 2 | |
13 total
Sovereign (
red | 66 APM | 1970 actions | 29:37)
6 Death Knight
3 Death Coil
2 Unholy Aura
1 Animate Dead
4 Lich
2 Frost Nova
1 Dark Ritual
1 Frost Armor
2 Crypt Lord
1 Impale
1 Spiked Carapace
» actions
| Assign group hotkey | 62 | |
| Basic commands | 120 | |
| Build / train | 91 | |
| ESC pressed | 9 | |
| Enter build submenu | 31 | |
| Enter hero's abilities submenu | 12 | |
| Give item / drop item | 1 | |
| Right click | 976 | |
| Select / deselect | 395 | |
| Select group hotkey | 159 | |
| Use ability | 114 | |
1970 total
» units
| Acolyte | 15 | |
| Ghoul | 2 | |
| Crypt Fiend | 17 | |
| Goblin Shredder | 1 | |
| Goblin Zeppelin | 1 | |
| Frost Wyrm | 5 | |
41 total
» upgrades
| Creature Attack | 3 | |
| Creature Carapace | 3 | |
| Web | 1 | |
| Freezing Breath | 1 | |
8 total
» buildings
| Altar of Darkness | 1 | |
| Ziggurat | 12 | |
| Tomb of Relics | 1 | |
| Crypt | 4 | |
| Nerubian Tower | 9 | |
| Graveyard | 1 | |
| Halls of the Dead | 1 | |
| Sacrificial Pit | 2 | |
| Black Citadel | 1 | |
| Boneyard | 2 | |
| Slaughterhouse | 1 | |
| Necropolis | 1 | |
36 total
» build order
00:15 Altar of Darkness
00:20 Ziggurat
00:48 Tomb of Relics
00:52 Crypt
01:03 Crypt
01:25 Nerubian Tower
01:30 Ziggurat
01:44 Graveyard
02:42 Ziggurat
03:36 Crypt
05:00 Nerubian Tower
05:00 Nerubian Tower
06:41 Ziggurat
08:23 Halls of the Dead
09:24 Ziggurat
11:08 Nerubian Tower
11:09 Nerubian Tower
11:14 Ziggurat
12:08 Sacrificial Pit
12:12 Sacrificial Pit
12:43 Nerubian Tower
13:20 Black Citadel
13:26 Ziggurat
13:28 Ziggurat
15:32 Ziggurat
15:35 Nerubian Tower
15:35 Nerubian Tower
15:58 Boneyard
16:03 Boneyard
25:17 Slaughterhouse
27:18 Nerubian Tower
28:07 Ziggurat
28:16 Necropolis
28:26 Ziggurat
29:00 Ziggurat
29:15 Crypt
» items
| Rod of Necromancy | 4 | |
| Orb of Corruption | 2 | |
| Potion of Healing | 4 | |
| Scroll of Town Portal | 4 | |
| Orb of Lightning | 1 | |
| Potion of Mana | 1 | |
16 total
team 2 (winner)

»
SaysO. (
pink | 131 APM | 6356 actions | 48:34)
4 Crypt Lord
3 Carrion Beetles
1 Spiked Carapace
8 Death Knight
3 Death Coil
3 Unholy Aura
1 Death Pact
1 Animate Dead
7 Lich
3 Frost Nova
2 Frost Armor
2 Dark Ritual
» actions
| Assign group hotkey | 128 | |
| Basic commands | 534 | |
| Build / train | 273 | |
| ESC pressed | 24 | |
| Enter build submenu | 62 | |
| Enter hero's abilities submenu | 21 | |
| Give item / drop item | 1 | |
| Right click | 2160 | |
| Select / deselect | 1219 | |
| Select group hotkey | 1708 | |
| Use ability | 226 | |
6356 total
» units
| Acolyte | 59 | |
| Ghoul | 7 | |
| Crypt Fiend | 66 | |
| Obsidian Statue | 5 | |
| Banshee | 10 | |
| Abomination | 4 | |
| Goblin Zeppelin | 4 | |
| Goblin Shredder | 4 | |
159 total
» upgrades
| Web | 2 | |
| Creature Attack | 3 | |
| Creature Carapace | 1 | |
6 total
» buildings
| Graveyard | 3 | |
| Crypt | 3 | |
| Altar of Darkness | 3 | |
| Ziggurat | 23 | |
| Tomb of Relics | 3 | |
| Nerubian Tower | 11 | |
| Halls of the Dead | 11 | |
| Spirit Tower | 19 | |
| Slaughterhouse | 4 | |
| Necropolis | 4 | |
| Temple of the Damned | 1 | |
| Black Citadel | 8 | |
93 total
» build order
00:11 Graveyard
00:15 Crypt
00:18 Graveyard
00:21 Crypt
00:51 Altar of Darkness
00:58 Altar of Darkness
01:00 Ziggurat
01:08 Ziggurat
01:29 Tomb of Relics
01:35 Tomb of Relics
02:05 Ziggurat
02:14 Ziggurat
04:07 Nerubian Tower
04:07 Nerubian Tower
04:56 Halls of the Dead
04:56 Halls of the Dead
05:22 Ziggurat
05:31 Ziggurat
05:36 Spirit Tower
05:36 Spirit Tower
07:01 Spirit Tower
07:01 Nerubian Tower
07:01 Nerubian Tower
07:02 Nerubian Tower
07:59 Ziggurat
08:08 Slaughterhouse
08:35 Halls of the Dead
08:47 Ziggurat
08:49 Ziggurat
08:51 Ziggurat
09:05 Ziggurat
09:46 Ziggurat
10:14 Ziggurat
10:15 Ziggurat
10:17 Ziggurat
10:20 Graveyard
10:24 Crypt
10:27 Nerubian Tower
12:17 Necropolis
12:36 Ziggurat
12:42 Spirit Tower
12:43 Spirit Tower
12:43 Spirit Tower
12:43 Spirit Tower
13:56 Ziggurat
13:57 Ziggurat
14:01 Halls of the Dead
14:01 Halls of the Dead
14:01 Halls of the Dead
14:08 Necropolis
14:24 Spirit Tower
14:24 Spirit Tower
14:58 Spirit Tower
14:58 Nerubian Tower
14:58 Nerubian Tower
15:34 Ziggurat
16:06 Ziggurat
16:07 Necropolis
16:47 Halls of the Dead
16:47 Halls of the Dead
17:32 Spirit Tower
17:32 Spirit Tower
17:32 Spirit Tower
19:25 Slaughterhouse
19:28 Slaughterhouse
19:29 Temple of the Damned
19:30 Black Citadel
19:30 Black Citadel
19:31 Black Citadel
19:31 Black Citadel
20:04 Ziggurat
20:20 Spirit Tower
20:20 Spirit Tower
20:20 Spirit Tower
20:22 Black Citadel
20:23 Black Citadel
20:34 Slaughterhouse
20:44 Tomb of Relics
22:01 Spirit Tower
22:01 Spirit Tower
22:02 Ziggurat
23:01 Nerubian Tower
23:01 Nerubian Tower
25:06 Ziggurat
28:29 Altar of Darkness
28:31 Necropolis
» items
| Rod of Necromancy | 2 | |
| Dust of Appearance | 1 | |
| Scroll of Town Portal | 4 | |
7 total
ChrisPaul (
orange | 33 APM | 1463 actions | 44:11)
7 Dreadlord
3 Sleep
3 Vampiric Aura
1 Inferno
1 Death Knight
1 Death Coil
» actions
| Basic commands | 58 | |
| Build / train | 112 | |
| Enter build submenu | 28 | |
| Enter hero's abilities submenu | 8 | |
| Give item / drop item | 2 | |
| Right click | 614 | |
| Select / deselect | 526 | |
| Use ability | 115 | |
1463 total
» units
| Acolyte | 27 | |
| Ghoul | 23 | |
| Crypt Fiend | 19 | |
69 total
» upgrades
| Cannibalize | 1 | |
| Web | 1 | |
| Burrow | 1 | |
| Creature Attack | 2 | |
| Creature Carapace | 1 | |
6 total
» buildings
| Crypt | 2 | |
| Altar of Darkness | 1 | |
| Ziggurat | 13 | |
| Tomb of Relics | 3 | |
| Graveyard | 1 | |
| Halls of the Dead | 1 | |
| Spirit Tower | 6 | |
| Necropolis | 2 | |
| Black Citadel | 2 | |
| Sacrificial Pit | 1 | |
32 total
» build order
00:59 Crypt
01:05 Crypt
01:10 Altar of Darkness
01:12 Ziggurat
01:31 Ziggurat
02:28 Ziggurat
04:14 Tomb of Relics
04:28 Ziggurat
05:35 Graveyard
07:35 Halls of the Dead
09:37 Spirit Tower
16:06 Ziggurat
16:10 Ziggurat
16:12 Ziggurat
16:14 Ziggurat
16:16 Ziggurat
17:04 Spirit Tower
17:04 Spirit Tower
17:05 Spirit Tower
18:17 Spirit Tower
18:18 Spirit Tower
18:21 Necropolis
21:15 Black Citadel
21:15 Black Citadel
22:10 Sacrificial Pit
22:56 Tomb of Relics
25:26 Tomb of Relics
29:40 Ziggurat
29:42 Ziggurat
29:44 Ziggurat
29:46 Ziggurat
29:49 Necropolis
» items
| Rod of Necromancy | 3 | |
| Sacrificial Skull | 1 | |
| Dust of Appearance | 2 | |
| Scroll of Town Portal | 7 | |
| Scroll of Healing | 3 | |
16 total
Chat log
(00:08 / Allies) SaysO.: i control him
(00:09 / Allies) ChrisPaul: rush
(00:24 / Allies) SaysO.: yes rush
(00:26 / All) Neutrino: ?
(00:38 / Allies) ChrisPaul: pink pause abit
(00:39 / Allies) SaysO.: we good bro dont worry
(00:42 / All) Neutrino: do you need the pause for a reason?
(00:48 / All) SaysO.: ally afk
(00:52 / All) SaysO.: cool thanks ready?
(01:46 / Allies) SaysO.: we rush
(01:50 / Allies) ChrisPaul: yeah
(01:55 / Allies) ChrisPaul: we have to
(02:10 / Allies) SaysO.: yep
(02:24 / Allies) SaysO.: dw we'll be fine
(02:39 / Allies) SaysO.: you ghouls?
(08:06 / Allies) ChrisPaul: did you take out base
(08:07 / Allies) ChrisPaul: no
(08:24 / Allies) SaysO.: i screwed him hard
(08:26 / Allies) SaysO.: i got all hsi acos
(08:28 / Allies) SaysO.: and a lot of units
(08:33 / Allies) ChrisPaul: 'i took out green base
(08:44 / Allies) SaysO.: nice
(09:19 / Allies) SaysO.: omg
(09:22 / Allies) SaysO.: why teal
(09:23 / Allies) SaysO.: you asshole
(09:25 / Allies) SaysO.: ...
(09:25 / Allies) MyMouseIsBorked: Shouldn't have killed my hall,a sshole
(09:30 / Allies) SaysO.: you were
(09:32 / Allies) SaysO.: afk..
(09:36 / Allies) MyMouseIsBorked: so what
(09:49 / Allies) MyMouseIsBorked: you want to be passive aggressive I can be too
(09:55 / Allies) SaysO.: what a loser
(09:58 / Allies) MyMouseIsBorked: yeah you are
(10:09 / Allies) SaysO.: im making a place to put my hall
(10:09 / Allies) MyMouseIsBorked: what's the point of attacking my hall then, dumbass?
(10:17 / Allies) MyMouseIsBorked: you could put it beside it DURR
(10:27 / Allies) MyMouseIsBorked: no point in putting hall there anyway
(10:45 / Allies) SaysO.: your a jerk
(10:51 / Allies) SaysO.: w/e
(11:18 / Allies) MyMouseIsBorked: what's the point of killing my hlal to put a different hall there
(11:22 / Allies) SaysO.: hope u feel good about wasting our time
(11:27 / Allies) MyMouseIsBorked: exactly no point
(11:31 / Allies) SaysO.: your afk so it doesn't matter at all
(11:41 / Allies) MyMouseIsBorked: You were being passive aggressive, admit it
(18:53 / Allies) SaysO.: b for sec
(30:15 / Allies) SaysO.: sav em
(30:21 / Allies) ChrisPaul: ok
(31:09 / Allies) ChrisPaul: savede
(31:12 / Allies) ChrisPaul: saved
(31:13 / Allies) SaysO.: can u give me gold so i can expo?
(32:35 / Allies) SaysO.: why u attack me?
(32:39 / Allies) SaysO.: we can win
(32:52 / Allies) SaysO.: ...
(33:23 / Allies) SaysO.: why attack me
(33:24 / Allies) SaysO.: lets win this
(33:29 / Allies) SaysO.: its only the orc left with only a bm
(34:09 / Allies) SaysO.: you there?
(34:30 / Allies) SaysO.: .......
(35:08 / Allies) SaysO.: if you give me ur gold
(35:10 / Allies) SaysO.: then we can win
(35:49 / Allies) SaysO.: u here?
(35:58 / Allies) SaysO.: thanks for saving em..
(36:31 / Allies) SaysO.: do you want to give me ur gold
(36:35 / Allies) SaysO.: then i can make a goldmine
(36:38 / Allies) SaysO.: and we can win faster
(37:08 / Allies) SaysO.: r u angry at me?
(38:55 / Allies) SaysO.: ....
(39:00 / Allies) SaysO.: should i just leave orange?
(39:32 / Allies) SaysO.: okay
(39:36 / Allies) SaysO.: ill leave
(39:37 / Allies) SaysO.: gg
(43:05 / All) MyMouseIsBorked: IT WAS ME, AUSTIN
(43:08 / All) MyMouseIsBorked: IT WAS ME THE WHOLE TIME
(43:16 / All) 1C3_: it was me all longnnoob
(45:59 / Allies) MyMouseIsBorked: You just gonna give up? There goes your rec...
(48:02 / All) MyMouseIsBorked: gg noob allies
(48:12 / All) Neutrino: I was kinda confused
(48:18 / All) Neutrino: yall had goldmine advantage
(48:20 / All) MyMouseIsBorked: he killed my hall, shouldn't have done that